 Dungeon Crawl Stone Soup version 0.22-a0-99-g1ac4c55 (webtiles) character file.

205 Firecrotchwizard the Poker (level 5, -6/38 HPs)
             Began as a Merfolk Skald on Jan 26, 2018.
             Killed from afar by an orc wizard (8 damage)
             ... with a magic dart
             ... on level 3 of the Dungeon.
             The game lasted 00:06:40 (2747 turns).

Firecrotchwizard the Poker (Merfolk Skald)          Turns: 2747, Time: 00:06:41

Health: -6/38      AC:  3    Str: 12    XL:     5   Next: 83%
Magic:  0/8        EV: 12    Int: 13    God:
Gold:   132        SH:  0    Dex: 13    Spells: 2/8 levels left

rFire    . . .     SeeInvis .   a - +0 spear
rCold    . . .     Gourm    .   (no shield)
rNeg     . . .     Faith    .   b - +0 leather armour
rPois    .         Spirit   .   (no helmet)
rElec    .         Reflect  .   (no cloak)
rCorr    .         Harm     .   (no gloves)
MR       .....                  (no boots)
Stlth    +.........             (no amulet)
HPRegen  0.12/turn              (no ring)
MPRegen  0.11/turn              (no ring)

@: very slightly contaminated
A: change form in water, swift swim, stealthy swim
a: no special abilities


You were on level 3 of the Dungeon.
You were not hungry.

You visited 1 branch of the dungeon, and saw 3 of its levels.

You collected 132 gold pieces.

Inventory:

Hand Weapons
 a - a +0 spear (weapon)
Armour
 b - a +0 leather armour (worn)
Jewellery
 k - an uncursed ring of poison resistance {unknown}
   (You found it on level 1 of the Dungeon)
Scrolls
 e - a scroll of random uselessness {unknown}
 j - a scroll of immolation {unknown}
 m - 2 scrolls of enchant armour {unknown}
 o - a scroll of identify {unknown}
Potions
 f - a potion of brilliance {unknown}
 g - a potion of haste {unknown}
 h - a potion of lignification {unknown}
 i - 2 potions of curing {unknown}
 l - a potion of agility {unknown}
 q - 2 potions of cancellation {unknown}
Books
 c - a book of Battle
 p - a book of Misfortune
   (You found it on level 3 of the Dungeon)
Comestibles
 d - 4 rations {@e1}
 n - 9 chunks of flesh {@w0}


   Skills:
 - Level 2.1 Fighting
 + Level 5.9 Polearms
 - Level 0.6 Armour
 - Level 2.6 Dodging
 - Level 2.0 Spellcasting
 - Level 2.0 Hexes
 + Level 5.1 Charms


You had 2 spell levels left.
You knew the following spells:

 Your Spells              Type           Power        Failure   Level  Hunger
a - Infusion              Chrm           ##..         4%          1    ##.....
s - Shroud of Golubria    Chrm/Tloc      #.........   17%         2    ###....
z - Spectral Weapon       Hex/Chrm       ##......     22%         3    ####...


Dungeon Overview and Level Annotations

Branches:
Dungeon (3/15)

Altars:


Message History

You start resting.
You are no longer magically infusing your attacks.
You start resting.
Your spectral weapon fades away.
Some of the chunks of flesh in your inventory have rotted away.
Health restored: 38; MP restored: 8 You now have 132 gold pieces (gained 14).
Things that are here:
an enchanted dagger; 19 stones; a goblin corpse You butcher the goblin corpse.
n - 9 chunks of flesh {@w0} (gained 3)
Things that are here:
an enchanted dagger; 19 stones; a goblin skeleton
Things that are here:
an enchanted dagger; 19 stones; a goblin skeleton A bat and a zombie come into view.
The orc shouts!
The orc priest shouts!
The ooze quivers.
You hear a shout!
The orc throws a stone.
The stone barely misses you.
You miscast Spectral Weapon.
You are very lightly contaminated with residual magic.
Your skin glows momentarily.
The bat hits you.
You take 1 damage, and have 37/38 hp.
You now have 5/8 mp.
You begin infusing your attacks with magical energy.
The bat barely misses you.
You now have 4/8 mp.
You hit the bat!
You kill the bat!
You now have 3/8 mp.
You hit the ooze.
You now have 2/8 mp.
You hit the ooze!
You kill the ooze!
You now have 1/8 mp.
You hit the giant cockroach zombie!
You destroy the giant cockroach zombie!
The orc throws a stone.
The stone hits you but does no damage.
You now have 0/8 mp.
Attack whom?
Aim: an orc priest You reach to attack!
You puncture the orc priest!
The orc throws a stone.
The stone barely misses you.
You hit the orc priest. You hit the orc priest.
The orc priest hits you but does no damage.
Health restored: 38 You puncture the orc priest!
You kill the orc priest!
Your Charms skill increases to level 5!
You now have 0/8 mp.
You hit the orc. The orc barely misses you.
You closely miss the orc. The orc hits you with a hand axe.
You take 3 damage, and have 35/38 hp.
You hit the orc.
The orc wizard looks encouraged for a moment.
You barely miss the orc. The orc completely misses you.
You hit the orc but do no damage. The orc hits you with a hand axe.
You take 3 damage, and have 32/38 hp.
You closely miss the orc. You hit the orc but do no damage.
The orc hits you with a hand axe.
You take 6 damage, and have 26/38 hp.
You closely miss the orc. The orc hits you with a hand axe.
You take 1 damage, and have 25/38 hp.
You barely miss the orc. The orc hits you with a hand axe.
You take 2 damage, and have 23/38 hp.
You hit the orc but do no damage. You hit the orc but do no damage.
Your magical infusion is running out.
The orc hits you with a hand axe.
You take 4 damage, and have 20/38 hp.
You barely miss the orc. The orc closely misses you.
You hit the orc but do no damage. The orc hits you with a hand axe.
You take 1 damage, and have 19/38 hp.
You hit the orc.
You kill the orc!
The orc wizard points at you and mumbles some strange words.
The puff of flame hits you!
You take 7 damage, and have 12/38 hp.
The orc wizard closely misses you.
Things that are here:
a hand axe; 28 stones; a ring mail You hit the orc wizard.
The orc wizard hits you with a dagger.
* * * LOW HITPOINT WARNING * * *
You take 1 damage, and have 11/38 hp.
You now have 0/8 mp.
You barely miss the orc wizard.
An orc comes into view. It is wielding a whip.
Unknown command.
You closely miss the orc wizard.
You are no longer magically infusing your attacks.
The orc wizard casts a spell at you. The puff of flame hits you!
* * * LOW HITPOINT WARNING * * *
The orc moves out of view.
You take 9 damage, and have 2/38 hp.
MASSIVE DAMAGE!!
You completely miss the orc wizard.
The orc wizard points at you and mumbles some strange words.
The magic dart hits you!
You die...

...# # ##.# #..#
.### #{.# ###...
#.... #w## ........#
..... #J# #...
...#...... ..#
####..###..#......
...#
#......##.........
...# #
.#..o...##o.....o..
....# .
#.#......##@#.......
..#.# ####
#.#.....<##(#.J.....
...# #.#
#...##.#.o..... ##.#
#.# ###.##.#.o.....
##)###.#
#..#.#....Z..
##รท.)#.##
#..#.##......
####....# ####.#.#
......
.#####..###..).#.#
..####....#.##.).#


You could see an orc wizard and an orc (wandering).

Vanquished Creatures
  2 orc priests (D:3)
  2 hound skeletons (D:3)
  3 adders (D:2)
  An ooze (D:3)
  An adder zombie (D:3)
  A worm (D:3)
  2 dart slugs (D:2)
  A leopard gecko (D:2)
  2 orcs
  9 bats
  4 giant cockroaches
  12 goblins
  6 hobgoblins
  6 jackals
  A quokka (D:2)
  A ball python (D:3)
  5 frilled lizards
  A giant cockroach zombie (D:3)
  7 kobolds
  A leopard gecko zombie (D:3)
  A quokka skeleton (D:3)
  7 rats
76 creatures vanquished.

Notes
Turn   | Place    | Note
-------+----------+-------------------------------------------
     0 | D:1      | Firecrotchwizard the Merfolk Skald began the quest for the Orb.
     0 | D:1      | Reached XP level 1. HP: 16/16 MP: 3/3
   221 | D:1      | Reached XP level 2. HP: 22/22 MP: 5/5
   492 | D:1      | Learned a level 2 spell: Shroud of Golubria
   583 | D:1      | Reached skill level 4 in Polearms
   767 | D:1      | Reached XP level 3. HP: 27/27 MP: 6/6
   788 | D:2      | Reached skill level 4 in Charms
   860 | D:2      | Learned a level 3 spell: Spectral Weapon
  1524 | D:2      | Reached skill level 1 in Hexes
  1524 | D:2      | Reached XP level 4. HP: 25/33 MP: 2/7
  2290 | D:3      | Reached skill level 5 in Polearms
  2366 | D:3      | Reached XP level 5. HP: 38/38 MP: 8/8
  2517 | D:3      | Reached skill level 2 in Hexes
  2728 | D:3      | Reached skill level 5 in Charms
  2746 | D:3      | HP: 2/38 [orc wizard/puff of flame (9)]
  2747 | D:3      | Killed from afar by an orc wizard

Vault maps used:
D:1:      dpeg_arrival_another_circle
D:2:      chequers_big_river, minmay_pentomino_p4
D:3:      serial_undead, serial_undead_a, serial_undead_f, serial_undead_b,
          serial_undead_d

Skill      XL: |  1  2  3  4  5 |
---------------+----------------+-----
Polearms       | 4 5 |  5.9
Charms         | 4 5 |  5.1
Hexes          | 1 2 |  2.0
Fighting       | |  2.1
Armour         | |  0.6
Dodging        | |  2.6
Spellcasting   | |  2.0

Action                   |  1- 3 |  4- 6 || total
-------------------------+-------+-------++-------
Melee: Spear             |   109 |   142 ||   251
 Cast: Infusion          |    12 |     9 ||    21
       Spectral Weapon   |       |     1 ||     1
  Eat: Chunk             |     2 |     1 ||     3
       Ration            |       |     1 ||     1
Armor: Leather armour    |    19 |    29 ||    48
Dodge: Dodged            |    47 |    80 ||   127

Table legend:
 A = Spawn XP
 B = Non-spawn XP
 C = Spawn XP percentage of total XP
 D = Spawn monster count
 E = Non-spawn monster count
 F = Spawn count percentage of total count
 G = Total turns spent on level
                    A         B        C        D         E        F      G
               +---------+---------+-------+---------+---------+-------+---------
         Total |       0 |     293 |   0.0 |       0 |      76 |   0.0 |  2747
               +---------+---------+-------+---------+---------+-------+---------
           D:1 |       0 |      35 |   0.0 |       0 |      22 |   0.0 |   780
           D:2 |       0 |      75 |   0.0 |       0 |      23 |   0.0 |  1373
           D:3 |       0 |     183 |   0.0 |       0 |      31 |   0.0 |   594
               +---------+---------+-------+---------+---------+-------+---------

Vault maps used:
D:1:      dpeg_arrival_another_circle
D:2:      chequers_big_river, minmay_pentomino_p4
D:3:      serial_undead, serial_undead_a, serial_undead_f, serial_undead_b,
          serial_undead_d

Table legend:
 A = Turns spent in this place as a percentage of turns spent in the entire game.
 B = Non-inter-level travel turns spent in this place as a percentage of non-inter-level travel turns spent in the entire game.
 C = Inter-level travel turns spent in this place as a percentage of turns spent in this place.
 D = Turns resting spent in this place as a percentage of non-inter-level travel turns spent in this place.
 E = Turns spent auto-exploring this place as a percentage of non-inter-level travel turns spent in this place.
 F = Non-inter-level travel turns spent in this place divided by the number of levels of this place that you've seen.
                   A       B       C       D       E      F
               +-------+-------+-------+-------+-------+----------------------
         Total | 100.0 | 100.0 |   2.9 |  35.5 |  46.0 | 889.0
       Dungeon | 100.0 | 100.0 |   2.9 |  35.5 |  46.0 | 889.0
               +-------+-------+-------+-------+-------+----------------------

Table legend:
 A = Kills in this place as a percentage of kills in entire the game.
 B = Kills by you in this place as a percentage of kills by you in the entire game.
 C = Kills by friends in this place as a percentage of kills by friends in the entire game.
 D = Other kills in this place as a percentage of other kills in the entire game.
 E = Experience gained in this place as a percentage of experience gained in the entire game.
 F = Experience gained in this place divided by the number of levels of this place that you have seen.
                   A       B       C       D       E      F
               +-------+-------+-------+-------+-------+----------------------
         Total | 100.0 | 100.0 |   N/A |   N/A | 100.0 |  97.7
       Dungeon | 100.0 | 100.0 |   N/A |   N/A | 100.0 |  97.7
               +-------+-------+-------+-------+-------+----------------------
